 Dungeon Crawl Stone Soup version 0.32-a0-960-g3814254bd7 (webtiles) character file.

Game seed: 14768253721363613567

198 DEFE the Shooter (level 5, -1/41 HPs)
             Began as a Coglin Fighter on Apr 17, 2024.
             Slain by a killer bee (8 damage)
             ... on level 5 of the Dungeon.
             The game lasted 00:04:02 (4049 turns).

DEFE the Shooter (Coglin Fighter)                   Turns: 4049, Time: 00:04:03

Health: -1/41      AC:  7    Str: 17    XL:     5   Next: 76%
Magic:  5/5        EV:  8    Int:  7    God:
Gold:   160        SH:  0    Dex: 15    Spells: 4/4 levels left

rFire   . . .        l - +0 sling {Hwan}
rCold   . . .        h - +0 sling {Gabriela}
rNeg    . . .        b - +1 scale mail
rPois   .            (no helmet)
rElec   .            (no cloak)
rCorr   .            (no gloves)
SInv    .            (no boots)
Will    .....        (amulet unavailable) Stlth
                     (ring unavailable)
HPRegen 0.26/turn    (ring unavailable)
MPRegen 0.09/turn    (no gizmo)

%: no passive effects
@: lethally poisoned (-1 -> -11), revved
A: off-hand wielding, slow wielding, warmup strikes, no jewellery
a: Invent Gizmo


You were on level 5 of the Dungeon.
You visited 1 branch of the dungeon, and saw 5 of its levels.

You collected 160 gold pieces.

Inventory:

Hand Weapons
 a - a +0 flail {Cedro}
 h - a +0 sling (offhand) {Gabriela}
 l - a +0 sling (weapon) {Hwan}
Armour
 b - a +1 scale mail (worn)
 c - a +0 buckler
 i - a +0 helmet
Scrolls
 j - 2 scrolls of enchant armour
Potions
 d - a potion of might
 e - a potion of magic {unknown}
 f - 2 potions of resistance
 g - a potion of degeneration {unknown}
 k - 2 potions of heal wounds {unknown}
 n - 2 potions of curing {unknown}


   Skills:
 - Level 3.0 Fighting
 - Level 2.9 Maces & Flails
 + Level 4.2 Ranged Weapons
 - Level 2.6 Armour
 - Level 2.1 Shields


You had 4 spell levels left.
You didn't know any spells.
Your spell library contained the following spells:

 Spells                   Type           Power      Damage    Failure   Level
 Blink                    Tloc           0%         N/A       93%         2
 Lesser Beckoning         Tloc           0%         N/A       93%         2
 Momentum Strike          Conj/Tloc      0%         3d8       93%         2


Dungeon Overview and Level Annotations

Branches:
Dungeon (5/15)
 Temple: D:4-7

Altars:
Fedhas

Annotations:
D:3 2 runed translucent doors, XavTav's ghost, amateur MiFi


Innate Abilities, Weirdness & Mutations

You can wield a second weapon in your off-hand.
It takes a long time for you to wield or remove held weapons.
Your first few attacks do less damage.
You cannot equip rings or amulets.


Message History

The killer bee stings you but does no damage. x2
You shoot a sling bullet. The sling bullet misses the killer bee.
You shoot a sling bullet. The sling bullet misses the killer bee.
The killer bee closely misses you. x2
The killer bee stings you but does no damage.
Unknown command.
You shoot a sling bullet.
The sling bullet barely misses the killer bee.
You shoot a sling bullet. The sling bullet misses the killer bee.
You hear an angry buzzing noise.
The killer bee stings you.
You are poisoned.
The killer bee poisons you! The killer bee closely misses you.
The killer bee stings you.
You are more poisoned.
The killer bee poisons you!
You shoot a sling bullet.
The sling bullet barely misses the killer bee.
You shoot a sling bullet.
The sling bullet hits the killer bee but does no damage.
You feel very sick. The killer bee barely misses you.
The killer bee stings you. x2
Unknown command.
You shoot a sling bullet.
The sling bullet completely misses the killer bee.
You shoot a sling bullet. The sling bullet hits the killer bee.
The killer bee is lightly wounded.
You feel very sick. The killer bee barely misses you.
The killer bee stings you.
* * * LOW HITPOINT WARNING * * *
You are lethally poisoned!
The killer bee poisons you!
Unknown command.
You shoot a sling bullet.
The sling bullet closely misses the killer bee.
You shoot a sling bullet. The sling bullet misses the killer bee.
* * * LOW HITPOINT WARNING * * *
You feel very sick. The killer bee stings you!
You die...

##...#
#.....#
.......##
###
........#
>..
......O.+
#.#
......S<#
#.#
.......##
#y#
#.....#
#@#
##...#
#.# ##+#
##.# #..#
##.# #.#
+..# ####


You could see a killer bee.

Vanquished Creatures
  An iguana (D:3)
  An orc wizard (D:3)
  8 adders
  A dart slug (D:1)
  8 orcs (D:3)
  2 ball pythons
  5 bats
  6 endoplasms
  2 giant cockroaches
  9 goblins
  2 hobgoblins
  8 jackals
  2 quokkas (D:2)
  2 frilled lizards
  6 kobolds
  4 rats
67 creatures vanquished.

Notes
Turn   | Place    | Note
-------+----------+-------------------------------------------
     0 | D:1      | DEFE the Coglin Fighter began the quest for the Orb.
     0 | D:1      | Reached XP level 1. HP: 18/18 MP: 1/1
   254 | D:1      | Reached XP level 2. HP: 24/24 MP: 2/2
   960 | D:2      | Reached XP level 3. HP: 29/29 MP: 3/3
  1062 | D:2      | Reached skill level 1 in Ranged Weapons
  1160 | D:2      | Reached skill level 2 in Ranged Weapons
  1160 | D:2      | Reached XP level 4. HP: 17/35 MP: 4/4
  2179 | D:3      | Reached skill level 3 in Ranged Weapons
  2217 | D:3      | Found a blossoming altar of Fedhas.
  2393 | D:3      | Reached XP level 5. HP: 23/41 MP: 5/5
  2833 | D:3      | Found a large runed translucent door.
  2833 | D:3      | Found a large runed translucent door.
  2834 | D:3      | Noticed XavTav's ghost (amateur MiFi)
  3246 | D:3      | Reached skill level 4 in Ranged Weapons
  3402 | D:4      | Noticed an orc warrior
  3522 | D:5      | Entered Level 5 of the Dungeon
  3522 | D:5      | Noticed an ogre
  4049 | D:5      | Slain by a killer bee

Illustrated notes

Levels and vault maps discovered:
D:1:      spicycebolla_arrival_ecumenical, layout_loops_corners,
          hangedman_abyss_or_decor_lesser_grid
D:2:      layout_rooms
D:3:      layout_basic, fedhas_altar_1, ebering_ghost_disaster_area,
          kennysheep_generic_room_5
D:4:      layout_cave_pools, amethyst_overflow_temple_binary,
          chequers_serial_rivers_room_b, dk_vineyard_3, fountainhead
D:5:      layout_loops_corners, temple_green

Skill      XL: |  1  2  3  4  5 |
---------------+----------------+-----
Maces & Flails | 2 |  2.9
Ranged Weapons | 2 3 4 |  4.2
Fighting       | |  3.0
Armour         | |  2.6
Shields        | |  2.1

Action                     |  1- 3 |  4- 6 || total
---------------------------+-------+-------++-------
  Melee: Flail             |   115 |    46 ||   161
         Sling             |       |     2 ||     2
   Fire: Sling             |       |   198 ||   198
    Use: Scroll            |       |     4 ||     4
 Armour: Scale mail        |   117 |   103 ||   220
  Dodge: Dodged            |    76 |    45 ||   121
  Block: Buckler           |    40 |     8 ||    48

Table legend: (Time is in decaauts)
 A = Elapsed time spent in this place.
 B = Non-inter-level travel time spent in this place.
 C = Inter-level travel time spent in this place.
 D = Time resting spent in this place.
 E = Time spent auto-exploring this place.
 F = Levels seen in this place.
 G = Mean time per level.
                   A        B        C        D        E       F      G
               +--------+--------+--------+--------+--------+-----+--------+
         Total |   4139 |   4055 |     84 |   1548 |   1849 |   5 |  827.8 |
       Dungeon |   4139 |   4055 |     84 |   1548 |   1849 |   5 |  827.8 |
               +--------+--------+--------+--------+--------+-----+--------+

Top non-repeatable levels by time:
     D:3: 1468 daAuts
     D:2: 1110 daAuts
     D:1: 866 daAuts
     D:5: 526 daAuts
     D:4: 168 daAuts
